 Dungeon Crawl Stone Soup version 0.29.1-2-gbd0b4ee654 (webtiles) character file.

Game seed: 10840241597425632644

107 GorkyZ the Trooper (level 4, 0/37 HPs)
             Began as a Demonspawn Fighter on Nov 19, 2022.
             Slain by a goblin
             ... wielding a +3 dagger of electrocution
             ... led by Robin
              (16 damage)
             ... on level 2 of the Dungeon.
             The game lasted 00:05:02 (1812 turns).

GorkyZ the Trooper (Demonspawn Fighter)             Turns: 1812, Time: 00:05:02

Health: 0/37       AC: 10    Str: 19    XL:     4   Next: 56%
Magic:  0/4        EV:  7    Int:  9    God:
Gold:   88         SH:  4    Dex: 12    Spells: 3/3 levels left

rFire   . . .      SeeInvis .   l - +0 mace (vamp)
rCold   . . .      Faith    .   c - +0 buckler
rNeg    . . .      Spirit   +   h - +0 chain mail
rPois   .          Reflect  .   e - +0 helmet
rElec   .          Harm     .   (no cloak)
rCorr   .          Rampage  .   (no gloves)
Will    .....                   (no boots)
Stlth   ..........              (no amulet)
HPRegen 0.12/turn               (no ring)
MPRegen 0.18/turn               (no ring)

@: no status effects
A: magic shield, magic regeneration
a: no special abilities


You were on level 2 of the Dungeon.
You visited 1 branch of the dungeon, and saw 2 of its levels.

You collected 88 gold pieces.

Inventory:

Hand Weapons
 a - a +0 flail
 l - a +0 vampiric mace (weapon)
Armour
 b - a +0 scale mail
 c - a +0 buckler (worn)
 e - a +0 helmet (worn)
 h - a +0 chain mail (worn)
Jewellery
 m - an amulet of magic regeneration
Scrolls
 f - a scroll of fog
 i - a scroll of identify
Potions
 d - a potion of might
 g - a potion of flight
 n - a potion of heal wounds {unknown}
 o - a potion of degeneration {unknown}
 r - a potion of lignification {unknown}


   Skills:
 + Level 3.7 Fighting
 + Level 2.6 Maces & Flails
 + Level 3.3 Armour
 + Level 3.3 Shields


You had 3 spell levels left.
You didn't know any spells.
Your spell library contained the following spells:

 Spells                   Type           Power      Damage    Failure   Level
 Static Discharge         Conj/Air       0%         3-3/arc   100%        2
 Dispel Undead            Necr           0%         3d6       100%        4
 Sticky Flame             Conj/Fire      0%         2d3       100%        4


Dungeon Overview and Level Annotations

Branches:
Dungeon (2/15)

Altars:

Annotations:
D:2 Robin


Innate Abilities, Weirdness & Mutations

When hurt, damage is shared between your health and your magic reserves.
You regenerate magic rapidly.


Message History

Robin says, "Kneel, worm!"
You hit the goblin.
The goblin is severely wounded.
The goblin hits you but does no damage. x2
You hit the goblin.
You kill the goblin!
The goblin barely misses you.
You hit the goblin.
You kill the goblin!
The goblin unwields a +3 dagger of electrocution.
It stops crackling.
The goblin wields a +0 sling.
The goblin shoots a sling bullet.
The sling bullet hits you but does no damage.
Robin throws the goblin at you!
The goblin shoots a sling bullet.
You block the sling bullet.
You hit the goblin.
The goblin is moderately wounded.
The goblin hits you but does no damage. Robin throws the goblin at you!
You barely miss the goblin.
The goblin is moderately wounded.
You block the goblin's attack. The goblin hits you with a +0 club.
You closely miss the goblin.
The goblin is moderately wounded.
The goblin closely misses you. The goblin barely misses you.
The goblin hits you with a +0 club. The goblin hits you but does no damage.
You barely miss the goblin.
The goblin is moderately wounded.
The goblin hits you but does no damage. x2
You hit the goblin.
You feel better.
You kill the goblin!
Robin throws the goblin at you! The goblin hits you but does no damage.
The goblin unwields a +0 sling.
The goblin wields a +3 dagger of electrocution.
You hear the crackle of electricity.
The goblin hits you with a +3 dagger of electrocution.
You are electrocuted!
You barely miss the goblin. You block the goblin's attack.
The goblin hits you with a +3 dagger of electrocution.
You are electrocuted!!
You die...

.#......#.##.###
##........##.#
##..†...####.#
.#÷÷)........#
.#8.8........#
....###......# #
....# ######.# ...
....#
######.######....#
....#
#........g@ggg.<..
#####
#.......#####.....
#.......# ...
######### .


You could see Robin, a hobgoblin (strong) and 2 goblins.

Vanquished Creatures
  Natasha (D:2)
  An adder (D:2)
  7 bats
  8 endoplasms
  19 goblins
  7 hobgoblins
  3 jackals (D:2)
  5 kobolds
  4 quokkas
  3 ball pythons
  4 frilled lizards (D:1)
  A rat (D:1)
63 creatures vanquished.

Notes
Turn   | Place    | Note
-------+----------+-------------------------------------------
     0 | D:1      | GorkyZ the Demonspawn Fighter began the quest for the Orb.
     0 | D:1      | Reached XP level 1. HP: 18/18 MP: 1/1
   282 | D:1      | Gained mutation: You regenerate magic rapidly. [demonic
                  | ancestry]
   282 | D:1      | Reached XP level 2. HP: 24/24 MP: 2/2
   999 | D:2      | Gained mutation: When hurt, damage is shared between your
                  | health and your magic reserves. [demonic ancestry]
   999 | D:2      | Reached XP level 3. HP: 22/29 MP: 3/3
  1660 | D:2      | Noticed Natasha
  1689 | D:2      | Killed Natasha
  1690 | D:2      | Reached XP level 4. HP: 37/37 MP: 4/4
  1743 | D:2      | Found a faded altar of an unknown god.
  1787 | D:2      | Noticed Robin
  1812 | D:2      | Slain by a goblin

Illustrated notes

Levels and vault maps discovered:
D:1:      ebering_hopf_link, layout_loops_ring
D:2:      layout_basic, shapermc_ecumenical_altar_pompeii, minmay_mini_jars,
          uniq_natasha, uniq_robin, uniq_terence

Skill      XL: |  1  2 |
---------------+-------+-----
Maces & Flails | 2 |  2.6
Armour         | 3 |  3.3
Shields        | 3 |  3.3
Fighting       | |  3.7

Action                   |  1- 3 |  4- 6 || total
-------------------------+-------+-------++-------
Melee: Flail             |    67 |       ||    67
       Mace              |    86 |    40 ||   126
  Use: Scroll            |     7 |       ||     7
Armor: Scale mail        |    18 |       ||    18
       Chain mail        |   104 |    27 ||   131
Dodge: Dodged            |    66 |    16 ||    82
Block: Buckler           |    41 |    10 ||    51
